Workbook
Name \a: '[1]Bal. Sheet'!#REF!
Name \aa: [2]GROUPING!#REF!
Name \b: #REF!
Name \c: '[1]Bal. Sheet'!#REF!
Name \d: '[1]Bal. Sheet'!#REF!
Name \e: #REF!
Name \f: #REF!
Name \g: #REF!
Name \h: #REF!
Name \i: '[1]Bal. Sheet'!#REF!
Name \j: #REF!
Name \k: #REF!
Name \l: #REF!
Name \m: #REF!
Name \n: #REF!
Name \o: #REF!
Name \p: #N/A
Name \Q: #REF!
Name \r: #REF!
Name \s: '[1]Bal. Sheet'!#REF!
Name \t: #REF!
Name \TB_6: #REF!
Name \TB_7: #REF!
Name \TB_8: #REF!
Name \TB_9: #REF!
Name \u: #REF!
Name \v: #REF!
Name \w: #REF!
Name \x: #REF!
Name \y: #REF!
Name \z: #REF!
Name _________________BTM150: #REF!
Name _________________BTM200: #REF!
Name _________________BTM50: #REF!
Name _________________CON1: #REF!
Name _________________CON2: #REF!
Name _________________EXC1: #REF!
Name _________________EXC2: #REF!
Name _________________hom2: #REF!
Name _________________msl100: #REF!
Name _________________msl200: #REF!
Name _________________msl250: #REF!
Name _________________msl300: #REF!
Name _________________msl400: #REF!
Name _________________msl800: #REF!
Name _________________mui100: #REF!
Name _________________mui105: #REF!
Name _________________mui108: #REF!
Name _________________mui130: #REF!
Name _________________mui140: #REF!
Name _________________mui160: #REF!
Name _________________mui180: #REF!
Name _________________mui250: #REF!
Name _________________mui271: #REF!
Name _________________mui320: #REF!
Name _________________mui45: #REF!
Name _________________mui50: #REF!
Name _________________mui54: #REF!
Name _________________mui65: #REF!
Name _________________mui75: #REF!

Sheet Cash Flow 
A1: NAME OF CLIENT
A2: Cash Flow Statement for the Year Ended 31st March, 20XX | D2: (Amount in `)
A3: Particulars | C3: For the year ended 31st March, 20XX | D3: For the year ended 31st March, 20XX | F3: Remarks
A4: [A] | B4: CASH FLOW FROM OPERATING ACTIVITIES
B5: Profit/(Loss) before tax | C5: ='Profit & Loss'!D22 -> 54713785 | D5: ='Profit & Loss'!E22 -> 50967073 | F5: Link with statement of P&L
B7: Adjustments for:
B8: Depreciation/Amortisation/Impairment of Property, Plant and Equipments and Intangible Assets | C8: ='Profit & Loss'!D19 -> 10002429 | D8: ='Profit & Loss'!E19 -> 8258678.5 | E8: Positive figure | F8: Link with statement of P&L
B9: Dividend Income | C9: =-'Notes '!F207 -> -250000 | D9: 0 | E9: Negative figure | F9: Link with notes to financial statements
B10: Interest Income | C10: =-('Notes '!F198+'Notes '!F199+'Notes '!F200+'Notes '!F201) -> -4839942.7 | D10: =-('Notes '!G198+'Notes '!G199+'Notes '!G200+'Notes '!G201) -> -5615945.9 | E10: Negative figure | F10: Only those interest which are not in nature of operating activities
B11: Interest Expenses | C11: ='Notes '!F272 -> 12722964 | D11: ='Notes '!G272 -> 11938927 | E11: Positive figure | F11: Only those interest which are not in nature of operating activities
B12: Interest on Partner/Proprietor's Capital | C12: 0 | D12: 0 | E12: Positive figure | F12: In case of partnership/proprietor ship - link with notes to financial statement
B13: Investment written off | C13: 0 | D13: 0 | E13: Positive figure | F13: Link with notes to financial statements - related to long-term investment only
B14: Property, Plant and Equipments written off | C14: 0 | D14: 0 | E14: Positive figure | F14: Link with notes to financial statements
B15: Provision for Doubtful Receivables/Advances/Sundry balances written off | C15: ='Notes '!F285 -> 946391.66 | D15: ='Notes '!G285 -> 1149434.6 | E15: Positive figure | F15: Link with notes to financial statements
B16: Provision/Advances/Sundry Balances written back | C16: =-'Notes '!F211 -> -129557.16 | D16: =-'Notes '!G211 -> -1076394.4 | E16: Negative figure | F16: Link with notes to financial statements
B17: Provision for diminution in value of Investment | C17: 0 | D17: 0 | E17: Positive figure | F17: Link with notes to financial statements
B18: Provision for diminution in value of Inventories | C18: 0 | D18: 0 | E18: Positive figure | F18: Link with notes to financial statements
B19: (Profit)/Loss on sale of Property, Plant and Equipments (Net) | C19: =-'Notes '!F210 -> -10100 | D19: 0 | F19: Link with notes to financial statements
B20: (Profit)/Loss on sale of Investments (Net) | C20: 0 | D20: 0 | F20: Link with notes to financial statements
B21: Unrealised foreign exchange (gain)/loss (Net) | C21: ='Workings for Cash Flows'!D10 -> 1362789.9 | D21: ='Workings for Cash Flows'!F10 -> -1777746.8 | F21: Refer Working No. 1
B22: Operating Profit/(Loss) before changes in working capital | C22: =SUM(C5:C21) -> 74518759 | D22: =SUM(D5:D21) -> 63844026
B24: Adjustment for (Increase)/Decrease in Operating Assets
B25: Inventories | C25: ='Workings for Cash Flows'!D17 -> 4011994.2 | D25: ='Workings for Cash Flows'!F17 -> -6915344.6 | F25: Refer Working No. 2
B26: Trade Receivables | C26: ='Workings for Cash Flows'!D25 -> 73294453 | D26: ='Workings for Cash Flows'!F25 -> -20025701 | F26: Refer Working No. 3
B27: Loans and Advances | C27: ='Workings for Cash Flows'!D42 -> 3195580.5 | D27: ='Workings for Cash Flows'!F42 -> -863855.89 | F27: Refer Working No. 4
B28: Other Assets | C28: ='Workings for Cash Flows'!D53 -> 0 | D28: ='Workings for Cash Flows'!F53 -> 881203 | F28: Refer Working No. 5
B29: Adjustment for Increase/(Decrease) in Operating Liabilities
B30: Trade Payables | C30: ='Workings for Cash Flows'!D61 -> -33053279 | D30: ='Workings for Cash Flows'!F61 -> -47829831 | F30: Refer Working No. 6
B31: Provisions | C31: ='Workings for Cash Flows'!D71 -> -160652 | D31: ='Workings for Cash Flows'!F71 -> -193560 | F31: Refer Working No. 7
B32: Other Liabilities | C32: ='Workings for Cash Flows'!D88 -> 2886053.1 | D32: ='Workings for Cash Flows'!F88 -> -25274595 | F32: Refer Working No. 8
B33: Cash flow from operations after changes in working capital | C33: =SUM(C22:C32) -> 1.2469291e+08 | D33: =SUM(D22:D32) -> -36377658
B34: Net Direct Taxes (Paid)/Refunded | C34: ='Workings for Cash Flows'!D101 -> -16718270 | D34: ='Workings for Cash Flows'!F101 -> -6237803.4 | F34: Refer Working No. 9
B35: Net Cash Flow from/(used in) Operating Activities | C35: =SUM(C33:C34) -> 1.0797464e+08 | D35: =SUM(D33:D34) -> -42615462
A36: [B] | B36: CASH FLOW FROM INVESTING ACTIVITIES
B37: Purchase of Property, Plant and Equipments including Capital Advances & CWIP | C37: ='Workings for Cash Flows'!D113 -> -55820880 | D37: ='Workings for Cash Flows'!F113 -> -21221460 | F37: Refer Working No. 10
B38: Grant Received | C38: 1500000 | D38: 0
B39: Sale of Property, Plant and Equipments | C39: 50000 | D39: 0 | F39: Sale consideration of Property, Plant and Equipments should be written and cross check with tax audit report
B40: Purchase of Investment | C40: 0 | D40: 0 | E40: Negative figure | F40: See ledger of Investment and calculate purchase value - only long term investment
B41: Sale of Investment | C41: 0 | D41: 0 | E41: Positive figure | F41: sale consideration of investment (Carrying value of investment sold as per ledger +Profit on sale of investment - loss on sale of investment) - only long term investment
B42: Loans given to Associates and Subsidiaries | C42: 0 | D42: 0 | F42: See ledger of each Loans and calculate Loans given during the year
B43: Loans received back from Associates and Subsidiaries | C43: 0 | D43: 0 | F43: See ledger of each Loans given and calculate Loans received back during the year
B44: Loans given to Others | C44: 0 | D44: 0 | F44: See ledger of each Loans and calculate Loans given during the year
B45: Loans received back from Others | C45: 0 | D45: 0 | F45: See ledger of each Loans given and calculate Loans received back during the year
B46: Interest Income | C46: ='Workings for Cash Flows'!D122 -> 4471643.3 | D46: ='Workings for Cash Flows'!F122 -> 5961100.4 | F46: Refer Working No. 11
B47: Dividend Income | C47: ='Workings for Cash Flows'!D161 -> 125000 | D47: ='Workings for Cash Flows'!F161 -> 0 | F47: Refer Working No. 17
B48: Bank Balances not considered as Cash and Cash Equivalents | C48: ='Workings for Cash Flows'!D127 -> 6488825.9 | D48: ='Workings for Cash Flows'!F127 -> -9493933.4 | F48: Refer Working No. 12
B49: Net Cash Flow from/(used in) Investing Activities | C49: =+SUM(C37:C48) -> -43185411 | D49: =+SUM(D37:D48) -> -24754293
A50: [C] | B50: CASH FLOW FROM FINANCING ACTIVITIES
B51: Proceeds from Issue of Shares/Share Application Money (including Share Premium)/ (Buy Back of Shares) | C51: ='Workings for Cash Flows'!D135 -> 0 | D51: ='Workings for Cash Flows'!F135 -> 0 | F51: Refer Working No. 13
B52: Proceeds from Borrowings | C52: 20899199 | D52: 1890000 | E52: Positive figure | F52: See ledger of each borrowings and calculate borrowings taken during the year
B53: Repayment of Borrowings | C53: -23455500 | D53: -25406165 | E53: Negative figure | F53: See ledger of each borrowings and calculate borrowings paid during the year
B54: Net Increase/(Decrease) in Working Capital Borrowings | C54: ='Workings for Cash Flows'!D141 -> -58061257 | D54: ='Workings for Cash Flows'!F141 -> 1.3598095e+08 | F54: Refer Working No. 14
B55: Interest Expenses | C55: ='Workings for Cash Flows'!D148 -> -13592570 | D55: ='Workings for Cash Flows'!F148 -> -12095696 | F55: Refer Working No. 15
B56: Interest on Partner/Proprietor's Capital | C56: =-C12 -> 0 | D56: =-D12 -> 0 | E56: Negative figure | F56: In case of partnership/proprietor ship
B57: Net Additions by Partners/Proprietor | C57: ='Workings for Cash Flows'!D155 -> 0 | D57: ='Workings for Cash Flows'!F155 -> 0 | F57: Refer Working No. 16
B58: Dividend Paid including Dividend Distribution tax | C58: 0 | D58: 0 | E58: Negative figure | F58: link with notes to financial statements
B59: Net Cash Flow from/(used in) Financing Activities | C59: =SUM(C51:C58) -> -74210128 | D59: =SUM(D51:D58) -> 1.0036909e+08
B60: Net Increase/ (Decrease) in Cash and Cash Equivalents | C60: =+C35+C49+C59 -> -9420900.4 | D60: =+D35+D49+D59 -> 32999338
B61: Cash & Cash Equivalents at beginning of period (see Note 1) | C61: =D69 -> 40089755 | D61: =7272968.86-4 -> 7272964.9
B62: Cash and Cash Equivalents at end of period (see Note 1) | C62: =+C60+C61 -> 30668854 | D62: =+D60+D61 -> 40272303
A64: Notes:
A65: 1 | B65: Cash and Cash equivalents comprise of:
B66: Cash on Hands | C66: ='Notes '!F145 -> 134829.96 | D66: ='Notes '!G145 -> 290438.37 | F66: link with notes to financial statements
B67: Balance with Banks | C67: ='Notes '!F144 -> 29646157 | D67: ='Notes '!G144 -> 39799316 | F67: link with notes to financial statements
B68: Short-term investment | C68: 0 | D68: 0 | F68: link with notes to financial statements excluding long term investment
B69: Cash and Cash equivalents | C69: =SUM(C66:C68) -> 29780987 | D69: =SUM(D66:D68) -> 40089755
B70: Effect of Unrealised foreign exchange (gain)/loss (Net) | C70: ='Workings for Cash Flows'!C9 -> 887866.22 | D70: ='Workings for Cash Flows'!E9 -> 182548.16
B71: Cash and Cash equivalents as restated | C71: =C69+C70 -> 30668854 | D71: =D69+D70 -> 40272303 | F71: Diff. must be zero
A72: =A65+1 -> 2 | B72: Figures of the previous year have been regrouped / reclassified wherever necessary.
C73: =+A73 -> 0
A74: This professional tool is that of K C Mehta & Co LLP, Chartered Accountants (KCM). While every care is taken to ensure the accuracy of this professional tool, neither contributor nor KCM is liable for any inadvertant errors or any action taken on the basis of this professional tool. This professional tool has been downloaded from www.vishaldoshi.in. For any queries, kindly mail to the contributor at pratik.parikh@kcmehta.com

Sheet Workings for Cash Flows
A2: Workings:
A3: W. No. | B3: Particulars | C3: For the year ended 31st March, 20XX | E3: For the year ended 31st March, 20XX
C4: Amount | D4: Amount | E4: Amount | F4: Amount
A5: 1 | B5: Unrealised foreign exchange (gain)/loss (Net)
B6: Unrealised foreign exchange (gain)/loss - Payables | C6: =817697.23 -> 817697.23 | E6: =-402178.12+7895.32-42 -> -394324.8
B7: Unrealised foreign exchange (gain)/loss - Receivable | C7: =-532412.65-78066.81+79613.57-97182.82-11887.67 -> -639936.38 | E7: =-1612569.07-168570.47-62318.84 -> -1843458.4
B8: Unrealised foreign exchange (gain)/loss - ECB Loan | C8: 297162.82 | E8: =277488.21 -> 277488.21
B9: Unrealised foreign exchange (gain)/loss - Cash & Cash equivalents (EEFC) | C9: 887866.22 | E9: 182548.16
B10: Unrealised foreign exchange (gain)/loss (Net) | D10: =SUM(C6:C9) -> 1362789.9 | F10: =SUM(E6:E9) -> -1777746.8
A12: 2 | B12: Inventories
B13: Opening balances of Inventories as per Balance Sheet | D13: =E15 -> 54610147 | F13: 47694802
B14: Less:
B15: Closing balances of Inventories as per Balance Sheet | C15: ='Balance Sheet'!E34 -> 50598152 | E15: ='Balance Sheet'!F34 -> 54610147
B16: Provision for diminution in value of Inventories | C16: ='Cash Flow '!C18 -> 0 | D16: =SUM(C15:C16) -> 50598152 | E16: ='Cash Flow '!D18 -> 0 | F16: =SUM(E15:E16) -> 54610147
B17: (Increase)/Decrease in Inventories | D17: =D13-D16 -> 4011994.2 | F17: =F13-F16 -> -6915344.6
A19: 3 | B19: Trade Receivables
B20: Opening balances of Trade Receivables as per Balance Sheet | D20: =E22 -> 2.3505775e+08 | F20: 2.1433803e+08
B21: Less:
B22: Closing balances of Trade Receivables as per Balance Sheet | C22: ='Balance Sheet'!E35 -> 1.6145684e+08 | E22: ='Balance Sheet'!F35 -> 2.3505775e+08
B23: Unrealised foreign exchange (gain)/loss - Receivable | C23: =C7 -> -639936.38 | E23: =E7 -> -1843458.4
B24: Provision for Doubtful Receivables/Sundry balances written off | C24: ='Cash Flow '!C15-C37 -> 946391.66 | D24: =SUM(C22:C24) -> 1.617633e+08 | E24: ='Cash Flow '!D15-E37 -> 1149434.6 | F24: =SUM(E22:E24) -> 2.3436373e+08
B25: (Increase)/Decrease in Trade Receivables | D25: =D20-D24 -> 73294453 | F25: =F20-F24 -> -20025701
A27: 4 | B27: Loans and Advances
B28: Opening balances of Long-term Loans & Advances as per Balance Sheet | C28: ='Balance Sheet'!F31 -> 9682123 | E28: 2966980
B29: Add: Opening balances of Short-term Loans & Advances as per Balance Sheet | C29: ='Balance Sheet'!F37 -> 41567609 | E29: 40894699
B30: Less: Opening balances of Loans & Advances given to Subsidiaries/ Associates as per Balance Sheet | C30: 0 | E30: 0
B31: Less: Opening balances of Loans & Advances given to Others as per Balance Sheet | C31: 0 | E31: 0
B32: Less: Opening balances of Advance tax (Net of Provisions) | C32: ='Notes '!G161+'Notes '!G162 -> 2045250 | E32: 2066052.8
B33: Less: Opening balances of capital advances | C33: ='Notes '!G113 -> 6664500 | D33: =C28+C29-C32-C33-C30-C31 -> 42539982 | E33: 119500 | F33: =E28+E29-E32-E33-E30-E31 -> 41676126
B34: Less:
B35: Closing balances of Long-term Loans & Advances as per Balance Sheet | C35: ='Balance Sheet'!E31 -> 4872756 | E35: =C28 -> 9682123
B36: Add: Closing balances of Short-term Loans & Advances as per Balance Sheet | C36: ='Balance Sheet'!E37 -> 35175037 | E36: =C29 -> 41567609
B37: Add: Advances written Off | C37: 0 | E37: =C30 -> 0
B38: Less: Closing balances of Loans & Advances given to Subsidiaries/ Associates as per Balance Sheet | C38: 0 | E38: =C31 -> 0
B39: Less: Closing balances of Loans & Advances given to Subsidiaries/ Associates as per Balance Sheet | C39: 0
B40: Less: Closing balances of Advance tax (Net of Provisions) | C40: ='Notes '!F161+'Notes '!F162 -> 703392.14 | E40: =C32 -> 2045250
B41: Less: Closing balances of capital advances | C41: ='Notes '!F113 -> 0 | D41: =C35+C36+C37-C40-C41-C38-C39 -> 39344401 | E41: =C33 -> 6664500 | F41: =E35+E36+E37-E40-E41-E38-E39 -> 42539982
B42: (Increase)/Decrease in Loans and Advances | D42: =D33-D41 -> 3195580.5 | F42: =F33-F41 -> -863855.89
A44: 5 | B44: Other Assets
B45: Opening balances of Long-term Current Assets as per Balance Sheet | C45: 0 | E45: 0
B46: Add: Opening balances of Short-term Current Assets as per Balance Sheet | C46: ='Balance Sheet'!F38 -> 1577068.2 | E46: 3120006.7
B47: Less: Opening balances of Interest (receivable)accrued but not due/due | C47: ='Notes '!G176 -> 1577068.2 | D47: =C45+C46-C47 -> 0 | E47: 2238803.7 | F47: =E45+E46-E47 -> 881203
B48: Less:
B49: Closing balances of Long-term Current Assets as per Balance Sheet | E49: 0
B50: Add: Closing balances of Short-term Current Assets as per Balance Sheet | C50: ='Balance Sheet'!E38 -> 1598637.6 | E50: =C46 -> 1577068.2
B51: Less: Closing balances of Dividend Receivable | C51: ='Notes '!F175 -> 125000
B52: Less: Closing balances of Interest (receivable) accrued but not due/due | C52: ='Notes '!F174 -> 1473637.6 | D52: =C49+C50-C52-C51 -> 0 | E52: =C47 -> 1577068.2 | F52: =E49+E50-E52 -> 0
B53: (Increase)/Decrease in Other Assets | D53: =D47-D52 -> 0 | F53: =F47-F52 -> 881203
A55: 6 | B55: Trade Payables
B56: Closing balances of Trade payables as per Balance Sheet | C56: ='Balance Sheet'!E18+'Balance Sheet'!E19 -> 72199539 | E56: ='Balance Sheet'!F18+'Balance Sheet'!F19 -> 1.0443512e+08
B57: Less: Unrealised foreign exchange (gain)/loss - Payables | C57: =C6 -> 817697.23 | E57: =E6 -> -394324.8
B58: Less: Provision/Sundry Balances written back | C58: 0 | D58: =C56-C57-C58 -> 71381841 | E58: 0 | F58: =E56-E57-E58 -> 1.0482945e+08
B59: Less:
B60: Opening balances of Trade payables as per Balance Sheet | D60: =E56 -> 1.0443512e+08 | F60: 1.5265928e+08
B61: Increase/(Decrease) in Trade Payables | D61: =D58-D60 -> -33053279 | F61: =F58-F60 -> -47829831
A63: 7 | B63: Provisions
B64: Closing balances of Long-term provisions as per Balance Sheet | C64: 0 | E64: 0
B65: Add: Closing balances of Short-term provisions as per Balance Sheet | C65: ='Balance Sheet'!E21 -> 4814704 | E65: ='Balance Sheet'!F21 -> 10576638
B66: Less: Closing balances of Provision for tax (Net of advance tax) | C66: ='Notes '!F89 -> 4416813 | D66: =C64+C65-C66 -> 397891 | E66: ='Notes '!G89 -> 10018095 | F66: =E64+E65-E66 -> 558543
B67: Less:
B68: Opening balances of Long-term provisions as per Balance Sheet | C68: 0 | E68: 262458
B69: Less: Opening balances of Provision for tax (Net of advance tax) | C69: =E66 -> 10018095 | E69: 97100
B70: Add: Opening balances of Short-term provisions as per Balance Sheet | C70: ='Balance Sheet'!F21 -> 10576638 | D70: =C70-C69+C68 -> 558543 | E70: 586745 | F70: =E70-E69+E68 -> 752103
B71: Increase/(Decrease) in Provisions | D71: =D66-D70 -> -160652 | F71: =F66-F70 -> -193560
A73: 8 | B73: Other Liabilities
B74: Closing balances of Non Current liabilities as per Balance Sheet | C74: 0 | E74: 0
B75: Add: Closing balances of Current liabilities as per Balance Sheet | C75: ='Balance Sheet'!E20 -> 33756016 | E75: ='Balance Sheet'!F20 -> 34827151
B76: Less: Closing Balances of Capital creditors as per Balance Sheet | C76: ='Notes '!F77 -> 6192562.4 | E76: ='Notes '!G77 -> 1325965
B77: Less: Closing Balances of Current Maturities of long-term debt as per Balance Sheet | C77: ='Notes '!F75 -> 4066532.9 | E77: ='Notes '!G75 -> 12352473
B78: Less: Provision/Sundry Balances written back | C78: ='Cash Flow '!C16 -> -129557.16 | E78: ='Cash Flow '!D16 -> -1076394.4
B79: Less: Closing Balance of Unclaimed Dividend | C79: 0 | E79: 0
B80: Less: Closing balances of Interest (Expenses) accrued but not due/due | C80: ='Notes '!F76 -> 92451.82 | D80: =C74+C75-C80-C76-C77-C79-C78 -> 23534026 | E80: ='Notes '!G76 -> 500740.34 | F80: =E74+E75-E80-E76-E77-E79-E78 -> 21724367
B81: Less:
B82: Opening balances of Non Current liabilities as per Balance Sheet | C82: =E74 -> 0 | E82: 0
B83: Add: Opening balances of Current liabilities as per Balance Sheet | C83: =E75 -> 34827151 | E83: 59171884
B84: Less: Opening Balances of Capital creditors as per Balance Sheet | C84: =E76 -> 1325965 | E84: 194512.4
B85: Less: Opening balances of Current Maturities of long-term debt as per Balance Sheet | C85: =E77 -> 12352473 | E85: 11543630
B86: Less: Opening Balance of Unclaimed Dividend | C86: =E79 -> 0
B87: Less: Opening balances of Interest (Expenses) accrued but not due/due | C87: =E80 -> 500740.34 | D87: =C82+C83-C87-C84-C85-C86 -> 20647973 | E87: 434779.22 | F87: =E82+E83-E87-E84-E85-E86 -> 46998962
B88: Increase/(Decrease) in Other Liabilities | D88: =D80-D87 -> 2886053.1 | F88: =F80-F87 -> -25274595
A90: 9 | B90: Net Direct Taxes (Paid)/Refunded
B91: Opening balance of total advance tax including self assessment tax as per Balance Sheet | C91: ='Notes '!G302-'Notes '!G299-'Notes '!G300-'Notes '!G301 -> 5500000
B92: Add: Opening balance of TDS receivable as per Balance Sheet | C92: ='Notes '!G299+'Notes '!G300 -> 481905.39 | E92: =125117-492 -> 124625
B93: Add: Refund Receivables if any | C93: ='Notes '!G309 -> 2045250
B94: Less: Opening balance of TDS receivable on Interest and Dividend income | C94: 0 | D94: =C91+C92-C94+C93 -> 8027155.4 | F94: =E91+E92-E94 -> 124625
B95: Less:
B96: Closing balance of total advance tax including self assessment tax as per Balance Sheet | C96: ='Notes '!F298+'Notes '!F296 -> 23405837 | E96: ='Notes '!G298 -> 5500000
B97: Add: Closing balance of TDS receivable as per Balance Sheet | C97: ='Notes '!F297 -> 488289.98 | E97: ='Notes '!G299+'Notes '!G300 -> 481905.39
B98: Add: Refund Receivables if any | C98: ='Notes '!F309 -> 0 | E98: ='Notes '!G309 -> 2045250
B99: Add: Taxes paid related to earlier assessment year demand (charged to tax adjustment of earlier years) | C99: 1323028 | E99: 380523
B100: Less: Closing balance of TDS receivable on Interest and Dividend income | C100: =C121 -> 471729.98 | D100: =C96+C97-C100+C99 -> 24745425 | E100: 0 | F100: =E96+E97-E100+E99 -> 6362428.4
B101: Net Direct Taxes (Paid)/Refunded | D101: =D94-D100 -> -16718270 | F101: =F94-F100 -> -6237803.4
A103: 10 | B103: Purchase of Property, Plant and Equipment including Capital Advances & CWIP
B104: Opening balances of Capital advances as per Balance sheet | C104: =C33 -> 6664500 | E104: =E33 -> 119500
B105: Closing balances of Capital Creditors as per Balance Sheet | C105: =C76 -> 6192562.4 | E105: =E76 -> 1325965
B106: Opening balances of CWIP as per Balance sheet | C106: ='Balance Sheet'!F29 -> 11261755 | D106: =SUM(C104:C106) -> 24118818 | E106: 0 | F106: =SUM(E104:E106) -> 1445465
B107: Less:
B108: Purchase of Property, Plant and Equipment as per Balance sheet | C108: ='Note 11'!O14 -> 79075051 | E108: ='Note 11'!O11 -> 4768887.1
B109: Less: Interest on borrowing capitalised during the year | C109: 461317.9 | E109: 222730.15
B110: Add: Closing balances of Capital advances as per Balance sheet | C110: =C41 -> 0 | E110: =E41 -> 6664500
...

Sheet Balance Sheet
A1: ABC LIMITED
A2: BALANCE SHEET AS AT 31ST MARCH, 20XX | F2: Amount in `
C3: Particulars | D3: Note No. | E3: As at 31st March, 20XX | F3: As at 31st March, 20XX
A5: I | B5: EQUITY AND LIABILITIES
A7: 1 | B7: Shareholders' Funds
B8: (a) | C8: Share Capital | D8: ='Notes '!A6+1 -> 3 | E8: ='Notes '!F18 -> 38100000 | F8: ='Notes '!G18 -> 38100000
B9: (b) | C9: Reserves and Surplus | D9: =+D8+1 -> 4 | E9: ='Notes '!F32 -> 2.2457361e+08 | F9: ='Notes '!G32 -> 1.8751719e+08
A11: 2 | B11: Non-current liabilities
B12: (a) | C12: Long-term borrowings | D12: =+D9+1 -> 5 | E12: ='Notes '!F40 -> 9230310 | F12: ='Notes '!G40 -> 3203508.3
B13: (b) | C13: Deferred Tax Liabilities (net) | D13: =+D12+1 -> 6 | E13: ='Notes '!D53 -> 13577352 | F13: ='Notes '!F53 -> 8850581.3
A15: 3 | B15: Current liabilities
B16: (a) | C16: Short-term borrowings | D16: =D13+1 -> 7 | E16: ='Notes '!F61 -> 1.5764148e+08 | F16: ='Notes '!G61 -> 2.1570273e+08
B17: (b) | C17: Trade payables | D17: =+D16+1 -> 8
C18: (i) due to micro and small enterprises | E18: ='Notes '!F67 -> 4183922.5 | F18: ='Notes '!G67 -> 1307675
C19: (ii) due to other than micro and small enterprises | E19: ='Notes '!F68 -> 68015616 | F19: ='Notes '!G68 -> 1.0312745e+08
B20: (c) | C20: Other current liabilities | D20: =+D17+1 -> 9 | E20: ='Notes '!F83 -> 33756016 | F20: ='Notes '!G83 -> 34827151
B21: (d) | C21: Short-term provisions | D21: =+D20+1 -> 10 | E21: ='Notes '!F90 -> 4814704 | F21: ='Notes '!G90 -> 10576638
C22: TOTAL | E22: =SUM(E8:E21) -> 5.5389301e+08 | F22: =SUM(F8:F21) -> 6.0321292e+08
A24: II | B24: ASSETS
A25: 1 | B25: Non - Current Assets
B26: (a) | C26: Fixed Assets | D26: =+D21+1 -> 11
C27: (i) Tangible Assets | E27: ='Note 11'!L29 -> 1.9946529e+08 | F27: 1.3256058e+08
C28: (ii) Intangible Assets | E28: ='Note 11'!N29 -> 650752 | F28: 10960
C29: (iii) Capital Work in process | E29: 0 | F29: 11261755
B30: (b) | C30: Non - Current Investments | D30: =D26+1 -> 12 | E30: ='Notes '!F106 -> 3314270.1 | F30: ='Notes '!G106 -> 3326058.5
B31: (c) | C31: Long term loans & advances | D31: =D30+1 -> 13 | E31: ='Notes '!F115 -> 4872756 | F31: ='Notes '!G115 -> 9682123
A33: 2 | B33: Current Assets
B34: (a) | C34: Inventories | D34: =+D31+1 -> 14 | E34: ='Notes '!F125 -> 50598152 | F34: ='Notes '!G125 -> 54610147
B35: (b) | C35: Trade receivables | D35: =+D34+1 -> 15 | E35: ='Notes '!F138 -> 1.6145684e+08 | F35: ='Notes '!G138 -> 2.3505775e+08
B36: (c) | C36: Cash and Bank Balances | D36: =+D35+1 -> 16 | E36: ='Notes '!F150 -> 96761277 | F36: ='Notes '!G150 -> 1.1355887e+08
B37: (d) | C37: Short-term loans and advances | D37: =+D36+1 -> 17 | E37: ='Notes '!F169 -> 35175037 | F37: ='Notes '!G169 -> 41567609
B38: (e) | C38: Other current assets | D38: =+D37+1 -> 18 | E38: ='Notes '!F176 -> 1598637.6 | F38: ='Notes '!G176 -> 1577068.2
C39: TOTAL | E39: =SUM(E27:E38) -> 5.5389301e+08 | F39: =SUM(F27:F38) -> 6.0321292e+08

Sheet Profit & Loss
A1: {='Balance Sheet'!A1:A1} -> ABC LIMITED
A2: STATEMENT OF PROFIT AND LOSS FOR THE YEAR ENDED 31ST MARCH, 20XX | E2: ='Balance Sheet'!F2 -> Amount in `
B3: Particulars | C3: Note No. | D3: For the Year ended 31st March, 20XX | E3: For the Year ended 31st March, 20XX
A5: I. | B5: Revenue from operations
B6: (a) Sale of products | C6: =+'Balance Sheet'!D38+1 -> 19 | D6: ='Notes '!F183 -> 1.5896692e+09 | E6: ='Notes '!G183 -> 1.7931861e+09
B7: (b) Other Operating Revenues | C7: =+C6+1 -> 20 | D7: ='Notes '!F192 -> 48562527 | E7: ='Notes '!G192 -> 38509738
D8: =+D6+D7 -> 1.6382317e+09 | E8: =+E6+E7 -> 1.8316959e+09
A9: II. | B9: Other income | C9: =+C7+1 -> 21 | D9: ='Notes '!F212 -> 7124267.3 | E9: ='Notes '!G212 -> 15751722
A10: III. | B10: Total Revenue (I + II) | D10: =+D8+D9 -> 1.645356e+09 | E10: =+E8+E9 -> 1.8474476e+09
A12: IV. | B12: EXPENSES
B13: Cost of Materials consumed | C13: =+C9+1 -> 22 | D13: ='Notes '!F218 -> 4.7904755e+08 | E13: ='Notes '!G218 -> 3.3951444e+08
B14: Purchases of Stock-in-Trade | C14: =+C13+1 -> 23 | D14: ='Notes '!F225 -> 8.816897e+08 | E14: ='Notes '!G225 -> 1.2260066e+09
B15: Changes in inventories of finished goods and work-in-progress | C15: =+C14+1 -> 24 | D15: ='Notes '!F242 -> -12195182 | E15: ='Notes '!G242 -> 13917383
B16: Other Manufacturing Expenses | C16: =+C15+1 -> 25 | D16: ='Notes '!F258 -> 31915099 | E16: ='Notes '!G258 -> 23110065
B17: Employee benefits expenses | C17: =+C16+1 -> 26 | D17: ='Notes '!F267 -> 31062957 | E17: ='Notes '!G267 -> 37423272
B18: Finance costs | C18: =+C17+1 -> 27 | D18: ='Notes '!F274 -> 16605237 | E18: ='Notes '!G274 -> 19449623
B19: Depreciation and amortization expenses | C19: =+'Balance Sheet'!D26 -> 11 | D19: ='Note 11'!O23+11790.3900007009 -> 10002429 | E19: ='Note 11'!O20+11789.39 -> 8258678.5
B20: Other expenses | C20: =+C18+1 -> 28 | D20: ='Notes '!F291 -> 1.5251442e+08 | E20: ='Notes '!G291 -> 1.2880045e+08
B21: Total expenses | D21: =SUM(D13:D20) -> 1.5906422e+09 | E21: =SUM(E13:E20) -> 1.7964805e+09
A22: V. | B22: PROFIT BEFORE TAX (III-IV) | D22: =D10-D21 -> 54713785 | E22: =E10-E21 -> 50967073
A23: VI. | B23: Tax Expenses
B24: -Current tax | D24: 11405103 | E24: 16000000
B25: -Mat Credit | D25: -703392.14 | E25: 0
B26: -Deferred tax | D26: 4726770.5 | E26: -564478.02
B27: -Taxation adjustments for earlier years | D27: 2228876 | E27: 496181.79
A28: VII. | B28: Profit for the year (V - VI) | D28: =D22-SUM(D24:D27) -> 37056428 | E28: =E22-SUM(E24:E27) -> 35035369
A30: VIII. | B30: Earnings per equity share:
B31: Basic and Diluted

Sheet Notes 
A1: ='Profit & Loss'!A1 -> ABC LIMITED
A2: Accompanying notes to the Financial Statements
A4: 1 | B4: Corporate Information
A6: =A4+1 -> 2 | B6: Significant Accounting Policies
A8: ='Balance Sheet'!D8 -> 3 | B8: Share Capital
B9: a. | C9: Share capital consists of the following: | G9: Amount in `
C10: Particulars | F10: ='Balance Sheet'!E3 -> As at 31st March, 20XX | G10: ='Balance Sheet'!F3 -> As at 31st March, 20XX
C11: Authorised
C12: 9,190,000 Equity Shares of `10/- each | F12: 91900000 | G12: 91900000
C13: 810,000 Preference Shares of `10/- each | F13: 8100000 | G13: 8100000
C14: Total | F14: =SUM(F12:F13) -> 100000000 | G14: =SUM(G12:G13) -> 100000000
C16: Issued Subscribed and Paid Up
C17: 3,810,000 Equity Shares of ` 10/- each | F17: 38100000 | G17: 38100000
C18: Total | F18: =SUM(F16:F17) -> 38100000 | G18: =SUM(G17:G17) -> 38100000
A21: ='Balance Sheet'!D9 -> 4 | B21: Reserves & Surplus
C22: Reserves & surplus consists of the following: | G22: Amount in `
C23: Particulars | F23: =F10 -> As at 31st March, 20XX | G23: =G10 -> As at 31st March, 20XX
C24: Securities Premium Reserve
C25: Opening balance | F25: 32400000 | G25: 32400000
C26: Additions/(deletions) | F26: 0 | G26: 0
C27: Closing Balance | F27: =SUM(F25:F26) -> 32400000 | G27: =SUM(G25:G26) -> 32400000
C28: Surplus in the Statement of Profit & Loss
C29: Opening balance | F29: =G31 -> 1.5511719e+08 | G29: 1.2008182e+08
C30: Add: Net Profit for the year | F30: ='Profit & Loss'!D28 -> 37056428 | G30: ='Profit & Loss'!E28 -> 35035369
C31: Closing Balance | F31: =F29+F30 -> 1.9217361e+08 | G31: =G29+G30 -> 1.5511719e+08
C32: Total | F32: =+F27+F31 -> 2.2457361e+08 | G32: =+G27+G31 -> 1.8751719e+08
A34: ='Balance Sheet'!D12 -> 5 | B34: Long Term Borrowings
B35: a. | C35: Long term borrowings consists of the following: | G35: Amount in `
C36: Particulars | F36: =F23 -> As at 31st March, 20XX | G36: =G23 -> As at 31st March, 20XX
C37: Secured Borrowings
C38: Term Loans
C39: From Banks | F39: 9230310 | G39: 3203508.3
C40: Total | F40: =SUM(F39:F39) -> 9230310 | G40: =SUM(G39:G39) -> 3203508.3
A42: =+'Balance Sheet'!D13 -> 6 | B42: Deferred Tax Liabilities (Net):
C43: The deferred tax liabilities/ (assets) arising out of significant timing differences are as under: | G43: Amount in `
C44: Particulars | D44: As at 31 March, 2023 | F44: As at 31 March, 2022
D45: Deferred Tax Asset | E45: Deferred Tax Liability | F45: Deferred Tax Asset | G45: Deferred Tax Liability
C46: Difference between Book balance and Tax balance of Fixed Assets | D46: 0 | E46: 14312485 | F46: 0 | G46: 9514808.4
C47: Income chargeable to tax on receipt basis | D47: 0 | E47: 0 | F47: 0 | G47: 88072.834
C48: Provision for bad and doubtful debts | D48: 583058.85 | E48: 0 | F48: 319772.7 | G48: 0
C49: Mark to Market Losses | D49: 50560.624 | E49: 0 | F49: 125991.71 | G49: 0
C50: Expenses allowable for tax purposes on payment of TDS | D50: 0 | E50: 0 | F50: 4485.975 | G50: 0
C51: Expenses/Provisions allowable on payment basis | D51: 101513.23 | E51: 0 | F51: 302049.53 | G51: 0
C52: Total | D52: 735132.71 | E52: 14312485 | F52: 752299.91 | G52: 9602881.2
C53: Net Deferred Tax Liabilities/ (Assets) | D53: =E52-D52 -> 13577352 | F53: =G52-F52 -> 8850581.3
A55: ='Balance Sheet'!D16 -> 7 | B55: Short Term Borrowings
B56: a. | C56: Short term borrowings consists of the following: | G56: Amount in `
C57: Particulars | F57: =F36 -> As at 31st March, 20XX | G57: =G36 -> As at 31st March, 20XX
C58: Secured Borrowings
C59: Loans repayable on demand
C60: From Banks | F60: 1.5764148e+08 | G60: 2.1570273e+08
C61: Total | F61: =SUM(F60) -> 1.5764148e+08 | G61: =SUM(G60) -> 2.1570273e+08
A63: ='Balance Sheet'!D17 -> 8 | B63: Trade Payables
B64: a. | C64: Trade payables consists of the following: | G64: Amount in `
C65: Particulars | F65: =F57 -> As at 31st March, 20XX | G65: =G57 -> As at 31st March, 20XX
C66: Trade Payables
C67: (i) due to micro and small enterprises | F67: 4183922.5 | G67: 1307675
C68: (ii) due to other than micro and small enterprises | F68: 68015616 | G68: 1.0312745e+08
C69: Total | F69: =SUM(F66:F68) -> 72199539 | G69: =SUM(G66:G68) -> 1.0443512e+08
A72: ='Balance Sheet'!D20 -> 9 | B72: Other Current liabilities
C73: Other current liabilities consists of the following: | G73: Amount in `
C74: Particulars | F74: =F65 -> As at 31st March, 20XX | G74: =G65 -> As at 31st March, 20XX
C75: Current maturities of long term debt | F75: 4066532.9 | G75: 12352473
C76: Interest accrued but not due on borrowings | F76: 92451.82 | G76: 500740.34
C77: Capital Creditors | F77: 6192562.4 | G77: 1325965
C78: Security Deposit | F78: 10000 | G78: 10000
C79: Statutory Dues Payable | F79: 2845349.6 | G79: 4811266
C80: Expenses Payable | F80: 4721072.4 | G80: 8789795.7
C81: Forward Contract payable | F81: 181742 | G81: 237500
C82: Advance from Customers | F82: 15646305 | G82: 6799411
C83: Total | F83: =SUM(F75:F82) -> 33756016 | G83: =SUM(G75:G82) -> 34827151
A85: ='Balance Sheet'!D21 -> 10 | B85: Short Term Provisions
C86: Short term provisions consists of the following: | G86: Amount in `
C87: Particulars | F87: =F74 -> As at 31st March, 20XX | G87: =G74 -> As at 31st March, 20XX
C88: Provision for Employee Benefits | F88: 397891 | G88: 558543
C89: Provision for Taxation (Net of Advance tax) | F89: =F308 -> 4416813 | G89: =G308 -> 10018095
C90: Total | F90: =SUM(F88:F89) -> 4814704 | G90: =SUM(G88:G89) -> 10576638
A92: ='Balance Sheet'!D30 -> 12 | B92: Non-Current Investments
B93: a. | C93: Non current investments consists of the following: | G93: Amount in `
C94: Particulars | F94: =F87 -> As at 31st March, 20XX | G94: =G87 -> As at 31st March, 20XX
C95: I. Trade Investment
C96: Investments in Equity Instrument
C97: -In Subsidiary:
C98: ABCD Limited | F98: 2597515.5 | G98: 2597515.5
C99: 10,000 share, Face Value of Rs. 100/- each
C101: II. Investment Property
C102: Gross carrying amount (a) | F102: 744530 | G102: 744530
C103: Accumulated Depreciation charge (b) | F103: 27775.39 | G103: 15987.002
C104: Net carrying amount (a-b) | F104: =F102-F103 -> 716754.61 | G104: =G102-G103 -> 728543
C106: Total (I+II) | F106: =F104+F98 -> 3314270.1 | G106: =G104+G98 -> 3326058.5
C107: All the Investments are valued at cost unless otherwise stated.
A109: ='Balance Sheet'!D31 -> 13 | B109: Long Term Loans & Advances
C110: Long term loans & advances consists of the following: | G110: Amount in `
C111: Particulars | F111: =F94 -> As at 31st March, 20XX | G111: =G94 -> As at 31st March, 20XX
C112: Unsecured, considered good
C113: Capital Advances | F113: 0 | G113: 6664500
C114: Security Deposits | F114: 4872756 | G114: 3017623
C115: Total | F115: =SUM(F113:F114) -> 4872756 | G115: =SUM(G113:G114) -> 9682123
A117: ='Balance Sheet'!D34 -> 14 | B117: Inventories
C118: Inventories consists of the following: | G118: Amount in `
...

Sheet Note 11
A1: ='Notes '!A1:E1 -> ABC LIMITED
A3: ='Notes '!A2:E2 -> Accompanying notes to the Financial Statements
A5: ='Balance Sheet'!D26 -> 11 | B5: Fixed Assets
B6: a. | C6: Fixed Assets consists of the following: | N6: Amount in `
C7: Particulars /Assets | D7: TANGIBLE ASSETS | M7: INTANGIBLE ASSETS | O7: Grand Total
D8: Lease hold land | E8: Buildings | F8: Plant & Machinery | G8: Electrical Equipments | H8: Office Equipments | I8: Computers | J8: Vehicles | K8: Furniture & Fixtures | L8: Total | M8: Software | N8: Total
C9: GROSS BLOCK
C10: At 1st April 2021 | D10: 12905032 | E10: 77077506 | F10: 43529487 | G10: 9546024 | H10: 3978708 | I10: 3174621 | J10: 3380138 | K10: 3287356 | L10: =SUM(D10:K10) -> 156878872 | M10: 177019 | N10: =M10 -> 177019 | O10: =L10+N10 -> 157055891
C11: Additions | D11: 0 | E11: 0 | F11: 1298823.2 | G11: 52345.18 | H11: 134008.5 | I11: 990745.5 | J11: 2264970.5 | K11: 27994.2 | L11: =SUM(D11:K11) -> 4768887.1 | M11: 0 | N11: =M11 -> 0 | O11: =L11+N11 -> 4768887.1
C12: Deduction/Adjustments | D12: 0 | E12: 0 | G12: 0 | H12: 0 | I12: 0 | J12: 0 | K12: 0 | L12: =SUM(D12:K12) -> 0 | M12: 0 | N12: =M12 -> 0 | O12: =L12+N12 -> 0
C13: At 31st March 2022 | D13: =D10+D11-D12 -> 12905032 | E13: =E10+E11-E12 -> 77077506 | F13: =F10+F11-F12 -> 44828310 | G13: =G10+G11-G12 -> 9598369.2 | H13: =H10+H11-H12 -> 4112716.5 | I13: =I10+I11-I12 -> 4165366.5 | J13: =J10+J11-J12 -> 5645108.5 | K13: =K10+K11-K12 -> 3315350.2 | ... O13: =O10+O11-O12 -> 1.6182478e+08
C14: Additions | D14: 1430000 | E14: 32386197 | F14: 38020970 | G14: 4130138.1 | H14: 456262.97 | I14: 39223.53 | J14: 0 | K14: 1903230.9 | L14: =SUM(D14:K14) -> 78366023 | M14: 709028 | N14: =M14 -> 709028 | O14: =L14+N14 -> 79075051
C15: Deduction/Adjustments | D15: 0 | E15: 0 | F15: 1500000 | G15: 0 | H15: 0 | I15: 0 | J15: 250000 | K15: 0 | L15: =SUM(D15:K15) -> 1750000 | M15: 0 | N15: =M15 -> 0 | O15: =L15+N15 -> 1750000
C16: At 31st March 2023 | D16: =D13+D14-D15 -> 14335032 | E16: =E13+E14-E15 -> 1.094637e+08 | F16: =F13+F14-F15 -> 81349281 | G16: =G13+G14-G15 -> 13728507 | H16: =H13+H14-H15 -> 4568979.5 | I16: =I13+I14-I15 -> 4204590 | J16: =J13+J14-J15 -> 5395108.5 | K16: =K13+K14-K15 -> 5218581.1 | ... O16: =O13+O14-O15 -> 2.3914983e+08
C18: ACCUMULATED DEPRECIATION
C19: At 1st April 2021 | D19: 1335003 | E19: 5697295 | F19: 5006551 | G19: 1436941 | H19: 2368911 | I19: 2567353 | J19: 734289.66 | K19: 1739520 | L19: =SUM(D19:K19) -> 20885864 | M19: 120485 | N19: =M19 -> 120485 | O19: =L19+N19 -> 21006349
C20: Additions | D20: 445001 | E20: 2047143.3 | F20: 2790494.5 | G20: 921379 | H20: 752994.49 | I20: 402399 | J20: 509335 | K20: 332568.77 | L20: =SUM(D20:K20) -> 8201315.1 | M20: 45574 | N20: =M20 -> 45574 | O20: =L20+N20 -> 8246889.1
C21: Deduction/Adjustments | D21: 0 | E21: 0 | G21: 0 | H21: 0 | I21: 0 | J21: 0 | K21: 0 | L21: =SUM(D21:K21) -> 0 | M21: 0 | N21: =M21 -> 0 | O21: =L21+N21 -> 0
C22: At 31st March 2022 | D22: =D19+D20-D21 -> 1780004 | E22: =E19+E20-E21 -> 7744438.3 | F22: =F19+F20-F21 -> 7797045.5 | G22: =G19+G20-G21 -> 2358320 | H22: =H19+H20-H21 -> 3121905.5 | I22: =I19+I20-I21 -> 2969752 | J22: =J19+J20-J21 -> 1243624.7 | K22: =K19+K20-K21 -> 2072088.8 | ... O22: =O19+O20-O21 -> 29253238
C23: Additions | D23: 451097 | E23: 2543502.2 | F23: 3918257.4 | G23: 1121948.6 | H23: 468945.16 | I23: 397903 | J23: 662198 | K23: 357550.8 | L23: =SUM(D23:K23) -> 9921402.1 | M23: 69236 | N23: =M23 -> 69236 | O23: =L23+N23 -> 9990638.1
C24: Deduction/Adjustments | D24: 0 | E24: 0 | F24: 0 | G24: 0 | H24: 0 | I24: 0 | J24: 210100 | K24: 0 | L24: =SUM(D24:K24) -> 210100 | M24: 0 | N24: =M24 -> 0 | O24: =L24+N24 -> 210100 | P24: =J15-J24 -> 39900
C25: At 31st March 2023 | D25: =D22+D23-D24 -> 2231101 | E25: =E22+E23-E24 -> 10287940 | F25: =F22+F23-F24 -> 11715303 | G25: =G22+G23-G24 -> 3480268.6 | H25: =H22+H23-H24 -> 3590850.7 | I25: =I22+I23-I24 -> 3367655 | J25: =J22+J23-J24 -> 1695722.7 | K25: =K22+K23-K24 -> 2429639.6 | ... O25: =O22+O23-O24 -> 39033776 | P25: ='Notes '!F210 -> 10100
P26: =SUM(P24:P25) -> 50000
C27: Net Block
C28: At 31st March 2022 | D28: =D13-D22 -> 11125028 | E28: =E13-E22 -> 69333068 | F28: =F13-F22-2 -> 37031263 | G28: =G13-G22+1 -> 7240050.2 | H28: =H13-H22 -> 990811.01 | I28: =I13-I22 -> 1195614.5 | J28: =J13-J22 -> 4401483.8 | K28: =K13-K22-3 -> 1243258.4 | L28: =L13-L22-3 -> 1.3256058e+08 | M28: =M13-M22 -> 10960 | N28: =M28 -> 10960 | O28: =L28+N28 -> 1.3257154e+08
C29: At 31st March 2023 | D29: =D16-D25 -> 12103931 | E29: =E16-E25 -> 99175762 | F29: =F16-F25 -> 69633978 | G29: =G16-G25 -> 10248239 | H29: =H16-H25 -> 978128.82 | I29: =I16-I25 -> 836935.03 | J29: =J16-J25 -> 3699385.8 | K29: =K16-K25 -> 2788941.6 | L29: =L16-L25-18.9419590234756+6.59-3 -> 1.9946529e+08 | M29: =M16-M25 -> 650752 | N29: =N16-N25 -> 650752 | O29: =L29+N29 -> 2.0011604e+08
